Match 42368002
Unlisted

Match 42368002
End
Vickers Machine Gun Team
Construct Section Command Post
Infantry Section
Infantry Section
Infantry Section
Grenade Package
Grenade Package
Construct Field Infirmary
Construct Platoon Command Post
Infantry Training
6-pounder Anti-tank Gun Team
Selects Indian Artillery Battlegroup
Selects Indian Artillery Battlegroup
Selects War Cry
Selects Gurkha Rifles Section
Construct Company Command Post
Selects Volunteer Infantry
XDodongoXLoverX
idontknowhoiam
KevinTDW
Clairvoyance
0
0

Comments sign in to comment!

No comments posted yet!